 Dungeon Crawl Stone Soup version 0.24.0-124-g2791043dd8 (webtiles) character file.

Game seed: 15132547631143850260, levelgen mode: deterministic

77 Martska the Charmwright (level 4, -2/34 HPs)
             Began as a Human Skald on Feb 14, 2020.
             Slain by an orc
             ... wielding a +0 flail
              (8 damage)
             ... on level 2 of the Dungeon.
             The game lasted 00:04:01 (1869 turns).

Martska the Charmwright (Human Skald)               Turns: 1869, Time: 00:04:02

Health: -2/34      AC:  4    Str: 12    XL:     4   Next: 58%
Magic:  5/7        EV: 12    Int: 14    God:
Gold:   63         SH:  0    Dex: 12    Spells: 1/7 levels left

rFire    . . .     SeeInvis .   a - +0 falchion
rCold    . . .     Gourm    .   (no shield)
rNeg     . . .     Faith    .   b - +0 leather armour
rPois    .         Spirit   .   (no helmet)
rElec    .         Reflect  .   (no cloak)
rCorr    .         Harm     .   k - +0 pair of gloves
MR       .....                  (no boots)
Stlth    +.........             (no amulet)
HPRegen  0.11/turn              (no ring)
MPRegen  0.10/turn              (no ring)

@: infused
A: no striking features
a: no special abilities


You were on level 2 of the Dungeon.
You were not hungry.

You visited 1 branch of the dungeon, and saw 3 of its levels.

You collected 63 gold pieces.

Inventory:

Hand Weapons
 a - a +0 falchion (weapon)
Missiles
 f - 90 stones (quivered)
Armour
 b - a +0 leather armour (worn)
 k - a +0 pair of gloves (worn)
Jewellery
 l - an uncursed amulet of the acrobat {unknown}
Scrolls
 c - a scroll of amnesia {unknown}
 e - a scroll of magic mapping {unknown}
 g - a scroll of fog {unknown}
 h - a scroll of identify {unknown}
 j - a scroll of enchant armour {unknown}
Potions
 i - a potion of agility {unknown}
 m - a potion of might {unknown}
Comestibles
 d - 5 rations


   Skills:
 * Level 2.8 Fighting
 * Level 2.9 Long Blades
 + Level 1.4 Armour
 + Level 2.3 Dodging
 + Level 2.2 Spellcasting
 + Level 3.3 Charms


You had one spell level left.
You knew the following spells:

 Your Spells              Type           Power        Failure   Level  Hunger
a - Infusion              Chrm           ##..         8%          1    #......
b - Shroud of Golubria    Chrm/Tloc      #.....       22%         2    ###....
c - Spectral Weapon       Hex/Chrm       #.......     41%         3    ###....

Your spell library contained the following spells:

 Spells                   Type           Power        Failure   Level  Hunger
 Song of Slaying          Chrm           ##......     11%         2    ###....
 Regeneration             Chrm/Necr      #.........   41%         3    ###....


Dungeon Overview and Level Annotations

Branches:
Dungeon (3/15)

Altars:
Nemelex Xobeh


Message History

You closely miss the orc. The orc hits you with a +0 hand axe.
The orc hits you with a +0 flail! The orc hits you with a +0 flail.
* * * LOW HITPOINT WARNING * * *
You barely miss the orc. The orc misses you.
You riposte.
You hit the orc but do no damage. The orc hits you with a +0 flail.
* * * LOW HITPOINT WARNING * * *
You hit the orc.
The orc is severely wounded.
The orc barely misses you. The orc hits you with a +0 flail.
* * * LOW HITPOINT WARNING * * *
Your magical contamination has completely faded away.
Casting: Infusion (safe; 8% risk of failure)
Confirm with . or Enter, or press ? or * to list all spells.
You begin infusing your attacks with magical energy.
The orc hits you but does no damage.
You hit the orc.
The orc is almost dead.
The orc hits you with a +0 flail!
You die...

######### #.......#
##''####.##### ##≈..≈##......#
##≈≈..§≈##<^...#
###≈≈##.#≈≈#.##oo##
##.'..#.#...'.##@#.##############
...'...#.#..'.#.###..............
...#≈≈#.##≈≈#.##.#.###.##.######.
...##≈≈..≈≈##.##..####.##.# #.
######≈..≈##...........##.######.
## #.##''#######.###..##.........
.# #.#...#.# #...........#####.
.###.#.###.# #####..##...# #.
.....#.# #.# ######..##...# #.


You could see 2 orcs.

Vanquished Creatures
  2 adders (D:2)
  An adder zombie (D:2)
  A dart slug (D:1)
  A leopard gecko (D:2)
  7 bats
  2 giant cockroaches (D:2)
  2 goblins
  9 hobgoblins
  4 jackals
  9 kobolds
  A frilled lizard (D:2)
  9 rats
48 creatures vanquished.

Notes
Turn   | Place    | Note
-------+----------+-------------------------------------------
     0 | D:1      | Martska the Human Skald began the quest for the Orb.
     0 | D:1      | Reached XP level 1. HP: 16/16 MP: 3/3
    60 | D:1      | Found a sparkling altar of Nemelex Xobeh.
   120 | D:1      | Reached XP level 2. HP: 22/22 MP: 5/5
   124 | D:1      | Learned a level 2 spell: Shroud of Golubria
   611 | D:1      | Reached XP level 3. HP: 17/28 MP: 2/6
   616 | D:1      | Learned a level 3 spell: Spectral Weapon
  1341 | D:2      | Reached XP level 4. HP: 28/34 MP: 2/7
  1869 | D:2      | Slain by an orc

Levels and vault maps discovered:
D:1:      lordsloth_arrival_two_stooges, layout_basic, nemelex_altar_shiori
D:2:      layout_loops_ring, kennysheep_generic_room_3
D:3:      layout_loops_ring, yredelemnul_forgotten_temple_becter

Action                   |  1- 3 |  4- 6 || total
-------------------------+-------+-------++-------
Melee: Falchion          |    90 |    45 ||   135
 Cast: Infusion          |     4 |     3 ||     7
  Eat: Chunk             |     2 |       ||     2
       Ration            |       |     1 ||     1
Armor: Leather armour    |    17 |    12 ||    29
Dodge: Dodged            |    70 |    37 ||   107
       Rpst.: Falchion   |    21 |    12 ||    33
